 Dungeon Crawl Stone Soup version 0.21-a0-513-gdcb3f5e (webtiles) character file.

39 Gerstahl the Slasher (level 3, -6/34 HPs)
             Began as a Naga Gladiator on Dec 1, 2017.
             Mangled by a gnoll
             ... wielding a +0 flail
              (12 damage)
             ... on level 1 of the Dungeon.
             The game lasted 00:01:27 (1206 turns).

Gerstahl the Slasher (Naga Gladiator)               Turns: 1206, Time: 00:01:27

Health: -6/34      AC:  3    Str: 16    XL:     3   Next: 45%
Magic:  3/3        EV: 10    Int:  8    God:
Gold:   35         SH:  0    Dex: 13    Spells: 2/2 levels left

rFire    . . .     SeeInvis +   a - +0 long sword
rCold    . . .     Gourm    .   (no shield)
rNeg     . . .     Faith    .   b - +0 leather armour
rPois    +         Spirit   .   c - +0 helmet
rElec    .         Reflect  .   (no cloak)
rCorr    .         Harm     .   (no gloves)
MR       .....                  (no barding)
Stlth    +.........             (no amulet)
HPRegen  0.11/turn              (no ring)
MPRegen  0.08/turn              (no ring)

@: short of breath, very slow
A: large, see invisible, deformed body, poison resistance, slowness 2, slow
metabolism 1, spit poison 1, AC +1
a: Spit Poison


You were on level 1 of the Dungeon.
You were hungry.

You visited 1 branch of the dungeon, and saw 2 of its levels.

You collected 35 gold pieces.

Inventory:

Hand Weapons
 a - a +0 long sword (weapon)
Missiles
 d - 3 throwing nets (quivered)
Armour
 b - a +0 leather armour (worn)
 c - a +0 helmet (worn)
Scrolls
 e - 4 scrolls of remove curse {unknown}
 g - a scroll of identify {unknown}
Potions
 h - a potion of flight {unknown}
Comestibles
 f - a bread ration
 i - a meat ration


   Skills:
 + Level 3.0 Fighting
 + Level 3.7 Long Blades
 - Level 1.7 Throwing
 - Level 2.4 Dodging


You had 2 spell levels left.
You didn't know any spells.

Dungeon Overview and Level Annotations

Branches:
Dungeon (2/15)

Altars:


Innate Abilities, Weirdness & Mutations

You cannot wear boots.
Your serpentine skin is tough. (AC +1)
You have supernaturally acute eyesight. (SInv)
Armour fits poorly on your strangely shaped body.
Your system is resistant to poisons. (rPois)
You cover ground very slowly.
You have a slow metabolism.
You can spit poison.


Message History

The gnoll closely misses you. The adder closely misses you. x2
The adder bites you but does no damage. The adder bites you.
The gnoll hits you with a whip!
* * * LOW HITPOINT WARNING * * *
The adder barely misses you.
You riposte.
You miss the adder. The adder barely misses you.
The gnoll hits you but does no damage. The adder bites you but does no damage.
There is a stone staircase leading up here.
The adder bites you.
* * * LOW HITPOINT WARNING * * *
You climb upwards.
There is a stone staircase leading down here.
Press: ? - help, Shift-Dir - straight line, f - gnoll
Aim: a gnoll, wielding a flail The splash of poison hits the gnoll.
The gnoll appears unharmed.
You feel slightly more hungry. The adder barely misses you.
You riposte.
You closely miss the adder. The gnoll hits you with a flail!
You die...

#.....†..# #######
#........########......
#........'.............
#........########.#####
######.### ####.# # #.#
#....#####
#.#######.#....#..
#gS.....#.#......#
#@......'.......##
#.......###....##.
#.......# #....#..
#.......# ######.#
#.......# #[.#
#######..(....# #.##
#....(........# #..#
#........###### #...
#............# #...


You could see a gnoll and an adder.

Vanquished Creatures
  An adder (D:2)
  5 giant cockroaches
  A goblin (D:1)
  2 hobgoblins
  7 bats (D:1)
  4 frilled lizards (D:1)
  4 kobolds (D:1)
  7 rats (D:1)
31 creatures vanquished.

Notes
Turn   | Place    | Note
-------+----------+-------------------------------------------
     0 | D:1      | Gerstahl the Naga Gladiator began the quest for the Orb.
     0 | D:1      | Reached XP level 1. HP: 19/19 MP: 1/1
   264 | D:1      | Reached XP level 2. HP: 25/27 MP: 2/2
   967 | D:1      | Reached XP level 3. HP: 28/33 MP: 3/3
  1206 | D:1      | Mangled by a gnoll

Vault maps used:
D:1:      dpeg_arrival_round_b
D:2:      marbit_many_paths, serial_aquarium, aquarium_bridge_square,
          aquarium_window_2, aquarium_window_fake, aquarium_window_fake,
          aquarium_view_2c, aquarium_balcony_5b, aquarium_pool_2

Skill      XL: |  1  2  3 |
---------------+----------+-----
Fighting       | 3 |  3.0
Long Blades    | |  3.7
Throwing       | |  1.7
Dodging        | |  2.4

Action                   || total
-------------------------++-------
Melee: Long sword        ||    89
 Abil: Spit Poison       ||     5
Armor: Leather armour    ||    48
Dodge: Dodged            ||    77
       Rpst.: Long sword ||    26

Table legend:
 A = Spawn XP
 B = Non-spawn XP
 C = Spawn XP percentage of total XP
 D = Spawn monster count
 E = Non-spawn monster count
 F = Spawn count percentage of total count
 G = Total turns spent on level
                    A         B        C        D         E        F      G
               +---------+---------+-------+---------+---------+-------+---------
         Total |       0 |      56 |   0.0 |       0 |      31 |   0.0 |  1206
               +---------+---------+-------+---------+---------+-------+---------
           D:1 |       0 |      37 |   0.0 |       0 |      27 |   0.0 |  1160
           D:2 |       0 |      19 |   0.0 |       0 |       4 |   0.0 |    46
               +---------+---------+-------+---------+---------+-------+---------
